 Dungeon Crawl Stone Soup version 0.28-a0-1412-gf95308ed99 (webtiles) character file.

Game seed: 7329935294077097216

248 tilp the Chiller (level 5, 22/22 HPs)
             Began as a Felid Ice Elementalist on Jan 6, 2022.
             Quit the game on level 4 of the Dungeon.
             The game lasted 00:07:24 (5834 turns).

tilp the Chiller (Felid Ice Elementalist)           Turns: 5834, Time: 00:07:25

Health: 22/22      AC:  2    Str:  4    XL:     5   Next: 86%
Magic:  10/10      EV: 18    Int: 18    God:
Gold:   293        SH:  0    Dex: 17    Spells: 1/10 levels left
                                        Lives:  0   Deaths: 1

rFire   + . .      SeeInvis +     - Unarmed
rCold   . . .      Faith    .   (shield unavailable)
rNeg    . . .      Spirit   .   (armour unavailable)
rPois   .          Reflect  .   (helmet unavailable)
rElec   .          Harm     .   (cloak unavailable)
rCorr   .          Rampage  .   (gloves unavailable)
Will    .....                   (boots unavailable)
Stlth   +++.......              (no amulet)
HPRegen 0.07/turn               e - ring of protection from fire
MPRegen 0.12/turn               (no ring)

@: quick
A: very small, claws 1, fangs 3, see invisible, speed 1, shaggy fur 2, stealthy
paws, no weapons or thrown items, no armour, multi-lived
a: no special abilities


You were on level 4 of the Dungeon.
You visited 1 branch of the dungeon, and saw 4 of its levels.

You collected 293 gold pieces.

Inventory:

Jewellery
 e - a ring of protection from fire (left paw)
Scrolls
 i - a scroll of teleportation {unknown}
 j - a scroll of enchant weapon {unknown}
 k - a scroll of identify
Potions
 a - a potion of heal wounds
 b - 2 potions of flight
 c - a potion of resistance
 d - a potion of ambrosia {unknown}
 f - a potion of curing
 g - a potion of attraction {unknown}
 h - a potion of brilliance {unknown}
 l - a potion of might {unknown}


   Skills:
 + Level 1.8 Fighting
 + Level 3.8 Dodging
 + Level 4.1 Stealth
 + Level 1.8 Unarmed Combat
 - Level 3.0 Spellcasting
 - Level 6.0 Ice Magic


You had one spell level left.
You knew the following spells:

 Your Spells              Type           Power      Damage    Failure   Level
a - Freeze                Ice            96%        1d11      1%          1
b - Frozen Ramparts       Ice            48%        1d6       4%          3
c - Ozocubu's Armour      Ice            24%        N/A       4%          3
d - Blink                 Tloc           4%         N/A       24%         2

Your spell library contained the following spells:

 Spells                   Type           Power      Damage    Failure   Level
 Scorch                   Fire           4%         2d5       24%         2
 Dazzling Flash           Conj/Hex       4%         N/A       43%         3
 Hailstorm                Conj/Ice       13%        3d5       43%         4
 Flame Wave               Conj/Fire      2%         2d4       85%         4
 Agony                    Necr           2%         N/A       99%         5
 Manifold Assault         Tloc           2%         N/A       99%         5
 Silence                  Hex/Air        1%         N/A       99%         5
 Summon Cactus Giant      Summ           1%         N/A       100%        6
 Storm Form               Tmut/Air       1%         N/A       100%        7


Dungeon Overview and Level Annotations

Branches:
Dungeon (4/15)
 Temple: D:4-7

Altars:
Yredelemnul
The Shining One

Annotations:
D:2 Sigmund
D:4 Blork the orc


Innate Abilities, Weirdness & Mutations

You have sharp claws.
You have razor-sharp teeth.
You have supernaturally acute eyesight. (SInv)
You cover ground quickly. (Speed+)
You are covered in thick fur. (AC +2)
Your paws help you pounce on unaware monsters.
You are incapable of wielding weapons or throwing items.
You cannot wear armour.
You gain extra lives every three experience levels.


Message History

The adder zombie barely misses you.
You scratch the adder zombie.
You destroy the adder zombie!
No target in view!
No target in view!
Magic restored.
Your icy armour cracks and falls away as you move.
You open the door.
A wight comes into view. It is wielding a +2 war axe.
There is an open door here.
You pounce on the unaware helpless wight!
You claw the wight! You claw the wight.
The wight is severely damaged.
The wight misses you.
Unknown command.
Casting: Ozocubu's Armour (quite dangerous; 4% risk of failure)
Confirm with . or Enter, or press ? or * to list all spells.
The spell is quite dangerous to miscast (4% risk of failure)!
Continue anyway?
Okay, then.
You scratch the wight but do no damage.
The wight is severely damaged.
The wight hits you with a +2 war axe.
You scratch the wight. Your claw misses the wight. You bite the wight.
The wight is almost destroyed.
The wight completely misses you.
You barely miss the wight.
The wight is almost destroyed.
The wight hits you with a +2 war axe!
You feel drained.
* * * LOW HITPOINT WARNING * * *
Unknown command.
Casting: Ozocubu's Armour (quite dangerous; 4% risk of failure)
Confirm with . or Enter, or press ? or * to list all spells.
The spell is quite dangerous to miscast (4% risk of failure)!
Continue anyway?
A film of ice covers your body! The wight hits you with a +2 war axe!
You die...
You are now level 5!
You rejoin the land of the living...
Unknown command.
Unknown command.
Are you sure you want to abandon this character and quit the game? (Confirm with "yes".)

.................#)##########....
......##..................###....
.##...............<..####.......#
.................................
...###..#....#.#................#
.#....#....#.#.#####(...........#
...........#.#...###.............
...............<.............####
.####...........@###.........## #
.# ###........#..............# #
.# #.(##..#..........).....### .#
#..#......................#
#######.................#........
#.............######....#######
#.............# ###.....####
#............## ##.......#
#..........### ######..#


There were no monsters in sight!

Vanquished Creatures
  A water moccasin zombie (D:4)
  A water moccasin skeleton (D:4)
  A hound (D:4)
  2 centaur skeletons (D:4)
  Jessica (D:2)
  2 scorpion zombies (D:4)
  4 gnolls (D:3)
  4 adders
  2 adder zombies (D:4)
  A worm (D:3)
  5 dart slugs
  12 orcs
  9 bats
  11 endoplasms
  4 giant cockroaches
  7 goblins
  10 hobgoblins
  3 jackals
  5 quokkas
  3 ball pythons
  3 frilled lizards
  8 kobolds
  8 rats
107 creatures vanquished.

Notes
Turn   | Place    | Note
-------+----------+-------------------------------------------
     0 | D:1      | tilp the Felid Ice Elementalist began the quest for the
                  | Orb.
     0 | D:1      | Reached XP level 1. HP: 7/7 MP: 4/4
   339 | D:1      | Found a faded altar of an unknown god.
   416 | D:1      | Reached XP level 2. HP: 11/11 MP: 3/6
   458 | D:1      | Reached skill level 4 in Ice Magic
  1066 | D:2      | Noticed Sigmund
  1174 | D:2      | Reached XP level 3. HP: 10/14 MP: 3/7
  1178 | D:2      | Learned a level 3 spell: Frozen Ramparts
  1498 | D:2      | Learned a level 3 spell: Ozocubu's Armour
  1686 | D:2      | Noticed Jessica
  1691 | D:2      | Killed Jessica
  1692 | D:2      | Reached XP level 4. HP: 5/18 MP: 4/9
  2567 | D:3      | Reached skill level 5 in Ice Magic
  2571 | D:3      | Reached XP level 5. HP: 6/21 MP: 0/10
  2777 | D:3      | Identified the +5 ring mail of Rejasury {Will+ Str+3}
  3937 | D:4      | Reached skill level 6 in Ice Magic
  3954 | D:4      | Gained mutation: You are covered in thick fur. (AC +2)
                  | [Felid growth]
  3954 | D:4      | Reached XP level 6. HP: 11/25 MP: 6/11
  4178 | D:4      | Learned a level 2 spell: Blink
  4274 | D:4      | Found a basalt altar of Yredelemnul.
  4282 | D:4      | Noticed Blork the orc
  4323 | D:4      | Reached skill level 1 in Fighting
  4323 | D:4      | Reached skill level 1 in Unarmed Combat
  4507 | D:4      | Found a glowing golden altar of the Shining One.
  5833 | D:4      | Slain by a wight
  5834 | D:4      | Reached XP level 5. HP: -1/20 MP: 8/10
  5834 | D:4      | Quit the game

Illustrated notes

Levels and vault maps discovered:
D:1:      lightli_arrival_maybe_door_vault, layout_basic,
          shapermc_ecumenical_altar_flowoftime
D:2:      minmay_angry_zag, layout_rooms, minmay_fractal_squares_5,
          uniq_sigmund, uniq_jessica
D:3:      minmay_bubble_buster, layout_basic
D:4:      layout_rooms, mainiacjoe_overflow_six_doors_small,
          mainiacjoe_overflow_brackets, lemuel_mausoleum_altar_kikubaaqudgha,
          uniq_blork_the_orc

Skill      XL: |  1  2  3  4  5  6 |
---------------+-------------------+-----
Ice Magic      | 4 5 6 |  6.0
Spellcasting   | 3 |  3.0
Dodging        | 3 |  3.8
Stealth        | 3 4 |  4.1
Fighting       | 1 |  1.8
Unarmed Combat | 1 |  1.8

Action                   |  1- 3 |  4- 6 || total
-------------------------+-------+-------++-------
Melee: Unarmed           |    14 |   147 ||   161
       Bite              |     2 |    21 ||    23
       Punch             |       |     5 ||     5
 Cast: Freeze            |    45 |    23 ||    68
       Frozen Ramparts   |     3 |    17 ||    20
       Ozocubu's Armour  |       |     9 ||     9
  Use: Scroll            |     1 |     6 ||     7
 Stab: Sleeping          |     5 |     9 ||    14
Armor: Skin              |     1 |    21 ||    22
Dodge: Dodged            |    33 |   136 ||   169

Table legend: (Time is in decaauts)
 A = Elapsed time spent in this place.
 B = Non-inter-level travel time spent in this place.
 C = Inter-level travel time spent in this place.
 D = Time resting spent in this place.
 E = Time spent auto-exploring this place.
 F = Levels seen in this place.
 G = Mean time per level.
                   A        B        C        D        E       F      G
               +--------+--------+--------+--------+--------+-----+--------+
         Total |   5445 |   5334 |    111 |   2037 |   2584 |   4 | 1361.2 |
       Dungeon |   5445 |   5334 |    111 |   2037 |   2584 |   4 | 1361.2 |
               +--------+--------+--------+--------+--------+-----+--------+

Top non-repeatable levels by time:
     D:4: 1645 daAuts
     D:3: 1614 daAuts
     D:2: 1240 daAuts
     D:1: 945 daAuts
